 Dungeon Crawl Stone Soup version 0.17-a0-1882-g750edc8 (webtiles) character file.

135 nubinia the Magician (level 4, 5/24 HPs)
             Began as a Deep Elf Wizard on Sept 22, 2015.
             Was an Initiate of Vehumet.
             Quit the game on level 4 of the Dungeon.
             The game lasted 00:13:48 (3089 turns).

nubinia the Magician (Deep Elf Wizard)              Turns: 3089, Time: 00:13:48

Health: 5/24       AC:  3    Str:  0 (4)  XL:     4   Next: 97%
Magic:  9/14       EV: 13    Int: 24      God:    Vehumet [......]
Gold:   129        SH:  0    Dex: 13      Spells: 5 memorised, 4 levels left

rFire  . . .     SeeInvis +     n - +0 dagger (holy)
rCold  . . .     Clarity  .     a - +1 robe
rNeg   . . .     SustAt   .     (no shield)
rPois  .         Gourm    .     b - +0 hat
rElec  .         Spirit   .     (no cloak)
rCorr  .         Warding  .     (no gloves)
rMut   .         Stasis   .     (no boots)
MR     .....                    (no amulet)
Stlth  ++........               q - ring of see invisible
                                g - ring of invisibility

@: lethally poisoned (5 -> -9), very slightly contaminated, slowed, lost
strength, repel missiles, very slow, not resistant to hostile enchantments,
unstealthy
A: spit poison 1
a: Spit Poison, Renounce Religion, Evoke Invisibility


You were on level 4 of the Dungeon.
You worshipped Vehumet.
Vehumet was noncommittal.
You were not hungry.

You visited 1 branch of the dungeon, and saw 4 of its levels.

You collected 129 gold pieces.

Inventory:

Hand weapons
 e - a +0 dagger
 n - a +0 dagger of holy wrath (weapon)
Armour
 a - a +1 robe (worn)
 b - a +0 hat (worn)
Jewellery
 g - a ring of invisibility (left hand)
 q - a ring of see invisible (right hand)
Scrolls
 h - a scroll of teleportation
 l - 2 scrolls of fog
 o - a scroll of identify
 r - a scroll of immolation {unknown}
Potions
 k - a potion of cure mutation
Books
 c - a book of Minor Magic

   Spells                             Type                      Level
   a - Magic Dart                     Conjuration                  1
   b - Blink                          Translocation                2
   c - Call Imp                       Summoning                    2
   d - Repel Missiles                 Charms/Air                   2
   e - Slow                           Hexes                        2
   f - Conjure Flame                  Conjuration/Fire             3
   g - Mephitic Cloud                 Conjuration/Poison/Air       3
Comestibles
 d - a bread ration
 j - a slice of pizza
 s - a chunk of flesh


   Skills:
 + Level 0.1 Fighting
 + Level 3.2 Dodging
 + Level 3.8 Stealth
 + Level 6.1 Spellcasting
 + Level 2.3 Conjurations
   Level 1.1 Summonings
 + Level 1.1 Translocations


You had 4 spell levels left.
You knew the following spells:

 Your Spells              Type           Power        Failure   Level  Hunger
a - Magic Dart            Conj           ###.         3%          1    None
c - Mephitic Cloud        Conj/Pois/Air  ##......     21%         3    #......
d - Conjure Flame         Conj/Fire      ##......     17%         3    #......
r - Repel Missiles        Chrm/Air       #.....       12%         2    None
B - Blink                 Tloc           N/A          10%         2    None


Dungeon Overview and Level Annotations

Branches:
Dungeon (4/15)
 Temple: D:4-7

Altars:
Elyvilon
Fedhas
Gozag
Makhleb
Nemelex Xobeh
Vehumet


Innate Abilities, Weirdness & Mutations

You can spit weak poison.


Message History

Read which item? (? for menu, Esc to quit)
As you read the scroll labeled WAZAWA ESOT, it crumbles to dust.
You hear a loud clanging noise!
It was a scroll of noise.
You feel sick.
You hear a shout!
The adder barely misses you. The adder completely misses you.
Read which item? (? for menu, Esc to quit)
As you read the scroll labeled FURHAK FOSI, it crumbles to dust.
You feel aware of your surroundings.
It was a scroll of magic mapping.
You feel sick. The adder bites you.
You are lethally poisoned!
The adder poisons you! The adder barely misses you.
Read which item? (? for menu, Esc to quit)
As you read the scroll labeled OWNEYG UMMUOST, it crumbles to dust.
It is a scroll of recharging.
You aren't carrying any rechargeable items.
You feel sick. The adder bites you.
* * * LOW HITPOINT WARNING * * *
The adder closely misses you.
Are you sure you want to abandon this character and quit the game? (Confirm with "yes".)

**+***+***,*,,,,,*****,,,
*,,,,,,,,+,+,...,+,*,,,,,
*,,,,,,,,*,*.?..,*,+,,,,,
******#+#######+#....,*,**,**+
*,,,,,........?......,*,**+**,
*,,,,,...............,*,**,,,,
*,,,,,...............,+,+,,,,,
*****#........S......,*,**+**+
#......#@###,,,,,*+*,,,,,
#......#...##+##,,,,,,,,,
#......#.......#,,,,,,,,,
#......+.......+,,,,,,,,,
#......#.#######,,,,,,,,,
#.....##'######***+*,,,*+
#.....'.......+,,,,+,,,+,
***###.....##.##.###*****,,,**
*,,.........#.#*,#******,,,,,*


You could see an adder.

Vanquished Creatures
  An orc priest (D:3)
  7 adders
  An ooze (D:3)
  2 orcs
  6 bats
  A giant cockroach (D:4)
  3 goblins
  3 hobgoblins
  2 jackals (D:3)
  6 kobolds
  2 quokkas (D:3)
  2 giant newts
  6 rats
42 creatures vanquished.

Notes
Turn   | Place    | Note
--------------------------------------------------------------
     0 | D:1      | nubinia the Deep Elf Wizard began the quest for the Orb.
     0 | D:1      | Reached XP level 1. HP: 10/10 MP: 7/7
   757 | D:1      | You fall through a shaft!
   757 | D:2      | Found a radiant altar of Vehumet.
   761 | D:2      | Became a worshipper of Vehumet
   913 | D:2      | Reached XP level 2. HP: 15/15 MP: 3/9
   917 | D:2      | Learned a level 2 spell: Repel Missiles
   921 | D:2      | Learned a level 2 spell: Blink
  1128 | D:1      | Reached skill level 5 in Spellcasting
  1589 | D:2      | Reached XP level 3. HP: 19/19 MP: 7/11
  1594 | D:2      | Learned a level 3 spell: Conjure Flame
  1598 | D:2      | Learned a level 3 spell: Mephitic Cloud
  1644 | D:2      | Found a sparkling altar of Nemelex Xobeh.
  1647 | D:2      | Found a blossoming altar of Fedhas.
  1649 | D:2      | Found a burning altar of Makhleb.
  1652 | D:2      | Found a white marble altar of Elyvilon.
  1652 | D:2      | Found an opulent altar of Gozag.
  2098 | D:3      | Gained mutation: Your spells are a little harder to cast, but a little more powerful. [potion of mutation]
  2098 | D:3      | Gained mutation: You can spit weak poison. [potion of mutation]
  2098 | D:3      | Lost mutation: Your spells are a little harder to cast, but a little more powerful. [potion of mutation]
  2149 | D:3      | Reached XP level 4. HP: 11/24 MP: 4/13
  2621 | D:3      | Reached skill level 6 in Spellcasting
  3026 | D:4      | Lost strength.
  3089 | D:4      | Quit the game

Vault maps used:
D:1:      lightli_arrival_chessboard, serial_glass, glass_columns_a,
          glass_columns_a, glass_columns_a, glass_columns_b, glass_columns_c,
          glass_columns_b
D:2:      vehumet_crystals, grunt_temple_overflow_open
D:3:      minmay_door_square, grunt_ministairs_9, minmay_cut_off
D:4:      first_bread, uniq_grinder

Action                   |  1- 3 |  4- 6 || total
-------------------------+-------+-------++-------
Melee: Dagger            |    37 |    11 ||    48
 Cast: Magic Dart        |    73 |    33 ||   106
       Repel Missiles    |     1 |       ||     1
       Mephitic Cloud    |       |     1 ||     1
  Use: Scroll            |     2 |     5 ||     7
       Potion            |     3 |     4 ||     7
 Stab: Sleeping          |     2 |     2 ||     4
  Eat: Chunk             |     4 |     3 ||     7
